 Dungeon Crawl Stone Soup version 0.22.1-2-g9c5b331 (webtiles) character file.

108 voilodion the Conjurer (level 4, -2/24 HPs)
             Began as an Octopode Conjurer on Dec 2, 2018.
             Was an Initiate of Hepliaklqana.
             Slain by a worker ant (7 damage)
             ... on level 4 of the Dungeon.
             The game lasted 00:33:19 (2766 turns).

voilodion the Conjurer (Octopode Conjurer)          Turns: 2766, Time: 00:33:20

Health: -2/24      AC:  1    Str:  7    XL:     4   Next: 87%
Magic:  1/8        EV: 19    Int: 18    God:    Hepliaklqana [......]
Gold:   182        SH:  0    Dex: 15    Spells: 1/8 levels left

rFire    . . .     SeeInvis .   f - -1 short sword
rCold    . . .     Gourm    .   (no shield)
rNeg     + . .     Faith    .   (helmet restricted)
rPois    .         Spirit   .   (no amulet)
rElec    .         Reflect  .   d - ring of positive energy
rCorr    .         Harm     .   (no ring)
MR       .....                  (no ring)
Stlth    ++++......             (no ring)
HPRegen  0.08/turn              (no ring)
MPRegen  0.11/turn              (no ring)
                                (no ring)
                                (no ring)

@: agile
A: almost no armour, stealthy swim, amphibious, 8 rings, constrict 8, reduced
essence, tentacle spike 1, camouflage 1, clumsy 1, gelatinous body 1
a: Recall Ancestor, Ancestor Identity, Renounce Religion


You were on level 4 of the Dungeon.
You worshipped Hepliaklqana.
Hepliaklqana was noncommittal.
You were not hungry.

You visited 1 branch of the dungeon, and saw 4 of its levels.

You collected 182 gold pieces.

Inventory:

Hand Weapons
 f - a -1 short sword (weapon)
 j - a +0 short sword
 l - a +0 short sword
 m - a +0 club
 o - a +0 club
 p - a +0 mace
 s - a +0 club
 v - a +0 dagger
 w - a +0 hunting sling
 x - a +0 rapier
 y - a +0 club
 z - a +0 dagger
 A - a +0 blowgun
 B - a +0 club
 D - a +0 dagger
 H - a +0 club
Missiles
 a - 44 arrows
 e - 71 sling bullets
 g - 71 stones (quivered)
 n - 41 bolts
 q - 5 needles of paralysis
 C - 23 poisoned needles
 J - 4 large rocks
Armour
 c - a +1 robe
 h - a +0 ring mail
 r - a +3 ring mail
 E - a +0 leather armour
 G - a +0 robe
Jewellery
 d - a ring of positive energy (left tentacle)
 k - an uncursed ring of teleportation
Scrolls
 i - a scroll of teleportation
 u - a scroll of fog
 I - a scroll of remove curse
Comestibles
 b - 4 rations


   Skills:
 + Level 0.2 Fighting
 + Level 0.4 Short Blades
 + Level 2.3 Dodging
 + Level 3.3 Stealth
 + Level 2.7 Spellcasting
 + Level 5.1 Conjurations


You had one spell level left.
You knew the following spells:

 Your Spells              Type           Power        Failure   Level  Hunger
a - Magic Dart            Conj           ###.         1%          1    #......
b - Searing Ray           Conj           ###...       3%          2    ##.....
c - Iskenderun's Mystic   Conj           ###.....     21%         4    #####..

Your spell library contained the following spells:

 Spells                   Type           Power        Failure   Level  Hunger
 Dazzling Spray           Conj/Hex       ##....       17%         3    ###....
 Force Lance              Conj/Tloc      ##......     50%         4    #####..
 Fulminant Prism          Conj/Hex       ##........   50%         4    #####..


Dungeon Overview and Level Annotations

Branches:
Dungeon (4/15)
 Temple: D:4-7

Altars:
Hepliaklqana


Innate Abilities, Weirdness & Mutations

You cannot wear most types of armour.
You are very stealthy in the water. (Stealth+)
You are amphibious.
You can wear up to eight rings at the same time.
You can use your tentacles to constrict eight enemies at once.
Your skin changes colour to match your surroundings (Stealth+).
Your rubbery body absorbs attacks. (AC +1, EV +1)
Your life essence is reduced to manifest your ancestor. (-10% HP)
One of your tentacles bears a spike.
You are clumsy. (Dex -2)


Message History

Press: ? - help, Shift-Dir - straight line, f/p - worker ant
Aim: a worker ant (moderately wounded)
The magic dart hits the worker ant.
The worker ant is severely wounded.
Casting: Magic Dart (safe; 1% risk of failure)
Confirm with . or Enter, or press ? or * to list all spells.
Aiming: Magic Dart (safe; 1% risk of failure)
Press: ? - help, Shift-Dir - straight line, f/p - worker ant
Aim: a worker ant (severely wounded)
The magic dart hits the worker ant.
The worker ant is almost dead.
Casting: Magic Dart (safe; 1% risk of failure)
Confirm with . or Enter, or press ? or * to list all spells.
Aiming: Magic Dart (safe; 1% risk of failure)
Press: ? - help, Shift-Dir - straight line, f/p - worker ant
Aim: a worker ant (almost dead)
The magic dart hits the worker ant.
The worker ant is almost dead.
The worker ant bites you!
You die...

#. ####. ....
#
#..########.#
#.....#.....#
#...........#
#..a#....#..#
##.#<@.......#
+>........#.##
###..####.# ..
##..# .# #
#..# ..
#..######
#.......#
##..###.# ##.#


You could see a worker ant.

Vanquished Creatures
  2 adders (D:2)
  An ooze (D:2)
  A worm (D:2)
  A dart slug (D:2)
  5 orcs (D:3)
  3 bats
  2 giant cockroaches
  12 goblins
  6 hobgoblins
  A frilled lizard (D:2)
  4 kobolds
  3 rats
41 creatures vanquished.

Vanquished Creatures (collateral kills)
  Robin (D:4)
  An adder (D:3)
  4 goblins
  2 hobgoblins (D:3)
  2 kobolds (D:3)
  A ball python (D:3)
11 creatures vanquished.

Vanquished Creatures (others)
  An ancestor (D:4)
1 creature vanquished.

Grand Total: 53 creatures vanquished

Notes
Turn   | Place    | Note
-------+----------+-------------------------------------------
     0 | D:1      | voilodion the Octopode Conjurer began the quest for the
                  | Orb.
     0 | D:1      | Reached XP level 1. HP: 11/11 MP: 3/3
   956 | D:2      | Reached XP level 2. HP: 13/17 MP: 0/5
  1036 | D:2      | Reached XP level 3. HP: 12/21 MP: 0/6
  1982 | D:3      | Gained mutation: Your magical capacity is low. (-10% MP)
                  | [potion of mutation]
  1982 | D:3      | Gained mutation: You expend magic power (3 MP) to
                  | strengthen your wands. [potion of mutation]
  1983 | D:3      | Lost mutation: You expend magic power (3 MP) to strengthen
                  | your wands. [potion of mutation]
  1983 | D:3      | Lost mutation: Your magical capacity is low. (-10% MP)
                  | [potion of mutation]
  1983 | D:3      | Gained mutation: You are clumsy. (Dex -2) [potion of
                  | mutation]
  1983 | D:3      | Gained mutation: One of your tentacles bears a spike.
                  | [potion of mutation]
  1993 | D:3      | Found a hazy altar of Hepliaklqana.
  1999 | D:3      | Reached skill level 5 in Conjurations
  2007 | D:3      | Became a worshipper of Hepliaklqana the Forgotten
  2119 | D:3      | Reached XP level 4. HP: 15/24 MP: 4/7
  2285 | D:3      | Learned a level 2 spell: Searing Ray
  2696 | D:4      | Learned a level 4 spell: Iskenderun's Mystic Blast
  2699 | D:4      | Noticed Robin
  2721 | D:4      | HP: 1/24 [Robin/spear (1)]
  2722 | D:4      | Killed Robin
  2766 | D:4      | Slain by a worker ant

Skill      XL: |  1  2  3 |
---------------+----------+-----
Stealth        | 3 |  3.3
Conjurations   | 5 |  5.1
Fighting       | |  0.2
Short Blades   | |  0.4
Dodging        | |  2.3
Spellcasting   | |  2.7

Action                   |  1- 3 |  4- 6 || total
-------------------------+-------+-------++-------
Melee: Short sword       |    31 |    28 ||    59
       Tentacles         |     5 |     7 ||    12
       Constrict         |     8 |     7 ||    15
       Kick              |     3 |     3 ||     6
Throw: Stone             |       |     6 ||     6
 Cast: Magic Dart        |    47 |    18 ||    65
       Searing Ray       |       |     2 ||     2
       Iskenderun's Myst |       |     1 ||     1
Invok: Ancestor Identity |     1 |       ||     1
  Use: Scroll            |     3 |     3 ||     6
       Potion            |     2 |     3 ||     5
 Stab: Sleeping          |     1 |       ||     1
  Eat: Chunk             |     3 |       ||     3
       Ration            |     1 |       ||     1
Armor: Skin              |     1 |     4 ||     5
Dodge: Dodged            |    34 |    31 ||    65
